 Dungeon Crawl Stone Soup version 0.23.2-30-g0e89c35649 (webtiles) character file.

Game seed: 15574076834031904367

1541 doot the Destroyer (level 8, -8/45 HPs)
             Began as a Tengu Conjurer on June 24, 2019.
             Mangled by a white ugly thing (16 damage)
             ... on level 6 of the Dungeon.
             The game lasted 00:19:21 (8727 turns).

doot the Destroyer (Tengu Conjurer)                 Turns: 8727, Time: 00:19:22

Health: -8/45      AC:  4    Str:  9    XL:     8   Next: 86%
Magic:  5/16       EV: 16    Int: 17    God:
Gold:   332        SH:  0    Dex: 15    Spells: 6/17 levels left

rFire    . . .     SeeInvis +   s - +3 short sword (venom)
rCold    . . .     Gourm    .   (no shield)
rNeg     . . .     Faith    +   b - +0 leather armour (curse)
rPois    .         Spirit   .   (helmet restricted)
rElec    .         Reflect  .   (no cloak)
rCorr    .         Harm     .   h - +0 pair of gloves
MR       .....                  (boots unavailable)
Stlth    +.........             p - amulet of faith (curse)
HPRegen  0.15/turn              d - ring of attention (curse)
MPRegen  0.15/turn              y - ring of see invisible

@: about to teleport, flying quickly and evasively, very slightly contaminated,
quick
A: beak, talons 3, able to fly
a: Stop Flying


You were on level 6 of the Dungeon.
You were not hungry.

You visited 1 branch of the dungeon, and saw 7 of its levels.
You also visited: Sewer.

You collected 332 gold pieces.

Inventory:

Hand Weapons
 e - a +0 whip
 o - a +0 flail
 s - a +3 short sword of venom (weapon)
Missiles
 q - a throwing net (quivered)
Armour
 a - a +0 robe
 b - a cursed +0 leather armour (worn)
 h - a +0 pair of gloves (worn)
Jewellery
 d - a cursed ring of attention (left hand)
 m - an uncursed ring of protection from fire
 p - a cursed amulet of faith (around neck)
 y - a ring of see invisible (right hand)
Scrolls
 f - 2 scrolls of teleportation
 g - a scroll of noise {unknown}
 i - a scroll of immolation {unknown}
 l - 2 scrolls of fog {unknown}
 r - 2 scrolls of blinking {unknown}
 v - 2 scrolls of remove curse {unknown}
 A - 2 scrolls of enchant weapon {unknown}
 D - a scroll of amnesia {unknown}
Potions
 j - 8 potions of curing
 k - 2 potions of agility
 n - 2 potions of ambrosia
 t - 2 potions of lignification
 u - 2 potions of brilliance
 w - 5 potions of might
 x - a potion of berserk rage {unknown}
 z - 3 potions of heal wounds
 B - a potion of haste {unknown}
Comestibles
 c - 13 rations
 C - 10 chunks of flesh


   Skills:
 + Level 2.7 Fighting
 + Level 4.6 Short Blades
 + Level 1.3 Maces & Flails
 + Level 3.7 Armour
 + Level 4.2 Dodging
 + Level 2.8 Stealth
 + Level 5.0 Spellcasting
 + Level 8.8 Conjurations
 + Level 0.2 Hexes


You had 6 spell levels left.
You knew the following spells:

 Your Spells              Type           Power        Failure   Level  Hunger
a - Magic Dart            Conj           ####         1%          1    None
b - Searing Ray           Conj           ####..       1%          2    #......
c - Iskenderun's Mystic   Conj           ####....     5%          4    ####...
d - Fulminant Prism       Conj/Hex       ###.......   30%         4    ####...

Your spell library contained the following spells:

 Spells                   Type           Power        Failure   Level  Hunger
 Dazzling Spray           Conj/Hex       ###...       9%          3    ###....
 Confusing Touch          Hex            #.....       17%         1    None
 Animate Skeleton         Necr           N/A          19%         1    None
 Apportation              Tloc           #.....       19%         1    None
 Summon Small Mammal      Summ           #...         19%         1    None
 Force Lance              Conj/Tloc      ###.....     30%         4    ####...


Dungeon Overview and Level Annotations

Branches:
Dungeon (7/15)
 Temple: D:4-7

Altars:
Ashenzari
Dithmenos
Nemelex Xobeh

Annotations:
D:6 3 runed translucent doors, Pikel; dvd's ghost, novice OgHu


Innate Abilities, Weirdness & Mutations

You have a beak for a mouth.
You have claws for feet.
You can fly continuously.


Message History

Aim: a hound zombie (almost destroyed)
Okay, then.
Unknown command.
Casting: Fulminant Prism (quite dangerous; 30% risk of failure)
Confirm with . or Enter, or press ? or * to list all spells.
Aiming: Fulminant Prism (quite dangerous; 30% risk of failure)
Press: ? - help, Dir - move target cursor You miscast Fulminant Prism.
You are very lightly contaminated with residual magic.
Nothing appears to happen.
The hound zombie closely misses you.
Casting: Fulminant Prism (quite dangerous; 30% risk of failure)
Confirm with . or Enter, or press ? or * to list all spells.
Aiming: Fulminant Prism (quite dangerous; 30% risk of failure)
Press: ? - help, Dir - move target cursor You conjure a prism of explosive energy!
The hound zombie bites you. Pikel closely misses you.
The white ugly thing punches you!
* * * LOW HITPOINT WARNING * * *
The white ugly thing freezes you!
You die...

#.##...#.........
#.##...#.........
#.##...####.#####
#.###### #.# #.#
#.## ## ####.##
#..# .. ##.....##
##.# .#
##..KZ...##
#.##.#
#....@....#
#....#
#..*.u....#
###....#
#.........#
#.u..#..
#.........#
##.#####.
#.........####..#
.
##.............##
#
#<........######
#.........#
#).)......#


You could see a white ugly thing, Pikel, a hound zombie and a friendly fulminant
prism.

Vanquished Creatures
  An ice beast (D:5)
  A phantom (D:4)
  A centaur (D:5)
  A big kobold (Sewer)
  A bullfrog (D:6)
  2 howler monkeys
  A jelly (D:5)
  4 orc priests
  8 orc wizards
  A gnoll shaman (D:4)
  5 worker ants
  2 iguanas
  A killer bee zombie (D:5)
  A hound zombie (D:5)
  8 gnolls
  5 river rats (Sewer)
  15 adders
  2 oozes
  2 adder skeletons
  5 worms
  13 leopard geckos
  30 orcs
  5 giant cockroaches
  4 goblins
  7 hobgoblins
  9 jackals
  4 quokkas
  2 ball pythons (Sewer)
  10 bats
  8 frilled lizards
  A jackal skeleton (D:5)
  24 kobolds
  3 quokka skeletons
  29 rats
216 creatures vanquished.

Vanquished Creatures (others)
  3 toadstools (D:5)
3 creatures vanquished.

Grand Total: 219 creatures vanquished

Notes
Turn   | Place    | Note
-------+----------+-------------------------------------------
     0 | D:1      | doot the Tengu Conjurer began the quest for the Orb.
     0 | D:1      | Reached XP level 1. HP: 10/10 MP: 4/4
   301 | D:1      | Reached XP level 2. HP: 15/15 MP: 4/6
   896 | D:2      | Reached skill level 6 in Conjurations
   918 | D:2      | Learned a level 2 spell: Searing Ray
   976 | D:2      | Found a shattered altar of Ashenzari.
  1078 | D:2      | Reached XP level 3. HP: 19/19 MP: 5/7
  1319 | D:2      | Reached XP level 4. HP: 24/24 MP: 1/8
  1329 | D:2      | Learned a level 4 spell: Iskenderun's Mystic Blast
  1650 | D:2      | Reached skill level 1 in Armour
  2126 | D:2      | Reached skill level 7 in Conjurations
  2326 | D:2      | Gained mutation: You can fly continuously. [Tengu growth]
  2326 | D:2      | Reached XP level 5. HP: 23/28 MP: 6/10
  2966 | D:3      | Reached skill level 1 in Maces & Flails
  3423 | D:3      | Found a shadowy altar of Dithmenos.
  3781 | D:3      | Found a faded altar of an unknown god.
  3934 | D:4      | Noticed a phantom
  3950 | D:4      | Reached XP level 6. HP: 17/32 MP: 1/12
  4053 | D:4      | Reached skill level 1 in Short Blades
  4226 | D:4      | Learned a level 4 spell: Fulminant Prism
  4335 | D:4      | Reached skill level 1 in Fighting
  4370 | D:4      | Killed a phantom
  4370 | D:4      | Reached XP level 7. HP: 11/38 MP: 0/13
  4439 | D:4      | Found a glowing drain.
  4449 | Sewer    | Entered a sewer
  5660 | D:5      | Entered Level 5 of the Dungeon
  6400 | D:4      | Found a sparkling altar of Nemelex Xobeh.
  6653 | D:5      | Reached skill level 8 in Conjurations
  6653 | D:5      | Reached XP level 8. HP: 37/44 MP: 2/15
  8105 | D:6      | Noticed a white ugly thing
  8106 | D:6      | Noticed a troll
  8152 | D:6      | Found a runed translucent gate.
  8152 | D:6      | Found a runed translucent gate.
  8152 | D:6      | Found a runed translucent gate.
  8152 | D:6      | Identified the +7 whip of Irrepressible Laughter {venom,
                  | rF+++ Int-4 Dex+5}
  8152 | D:6      | Noticed dvd's ghost (novice OgHu)
  8616 | D:6      | Reached skill level 5 in Spellcasting
  8680 | D:7      | Noticed Pikel
  8727 | D:6      | Mangled by a white ugly thing

Skill      XL: |  1  2  3  4  5  6  7  8 |
---------------+-------------------------+-----
Conjurations   | 6 7 8 |  8.8
Armour         | 1 2 3 |  3.7
Maces & Flails | 1 |  1.3
Spellcasting   | 3 4 5 |  5.0
Short Blades   | 2 3 4 |  4.6
Fighting       | 1 2 |  2.7
Dodging        | 3 4 |  4.2
Stealth        | |  2.8
Hexes          | |  0.2

Action                   |  1- 3 |  4- 6 |  7- 9 || total
-------------------------+-------+-------+-------++-------
Melee: Whip              |     9 |       |       ||     9
       Peck              |     2 |    13 |    16 ||    31
       Kick              |     2 |    11 |    28 ||    41
       Flail             |       |    29 |       ||    29
       Short sword       |       |    44 |   121 ||   165
 Cast: Magic Dart        |    48 |    54 |    55 ||   157
       Searing Ray       |     1 |    25 |    20 ||    46
       Iskenderun's Myst |       |     3 |    22 ||    25
       Fulminant Prism   |       |       |     1 ||     1
 Abil: Fly               |       |     1 |       ||     1
  Use: Potion            |       |     1 |       ||     1
       Scroll            |       |       |     7 ||     7
  Eat: Chunk             |     1 |    12 |    15 ||    28
       Ration            |       |       |     1 ||     1
Armor: Leather armour    |     6 |    25 |    22 ||    53
Dodge: Dodged            |    15 |    95 |   114 ||   224
